 Dungeon Crawl Stone Soup version 0.20.1-1-g8b1a95d (console) character file.

339 hilaritas the Shield-Bearer (level 6, -1/43 HPs)
             Began as an Octopode Fighter on Jan 21, 2018.
             Was a Follower of Makhleb.
             Slain by a phantom (9 damage)
             ... on level 4 of the Dungeon.
             The game lasted 00:07:22 (3750 turns).

hilaritas the Shield-Bearer (Octopode Fighter)      Turns: 3750, Time: 00:07:22

Health: -1/43      AC:  1    Str: 20    XL:     6   Next: 55%
Magic:  7/7        EV: 12    Int: 12    God:    Makhleb [*.....]
Gold:   113        SH:  9    Dex: 12    Spells: 5/5 levels left

rFire    . . .     SeeInvis .   a - +0 long sword
rCold    . . .     Gourm    .   b - +0 shield
rNeg     . . .     Faith    .   (helmet restricted)
rPois    .         Spirit   .   (no amulet)
rElec    .         Reflect  .   m - +5 ring of strength
rCorr    .         Harm     .   n - ring of wizardry
MR       .....                  p - ring of flight
Stlth    +++.......             (no ring)
Regen    0.2/turn               (no ring)
MPRegen  0.1/turn               (no ring)
                                (no ring)
                                (no ring)

@: no status effects
A: almost no armour, stealthy swim, amphibious, 8 rings, constrict 8, camouflage
1, gelatinous body 1
a: Renounce Religion, Evoke Flight


You were on level 4 of the Dungeon.
You worshipped Makhleb.
Makhleb was aware of your devotion.
You were not hungry.

You visited 1 branch of the dungeon, and saw 4 of its levels.

You collected 113 gold pieces.

Inventory:

Hand Weapons
 a - a +0 long sword (weapon)
 f - a +0 short sword
Missiles
 h - 2 javelins (quivered)
Armour
 b - a +0 shield (worn)
Jewellery
 j - an uncursed ring of ice
 m - a +5 ring of strength (left tentacle)
 n - a ring of wizardry (right tentacle)
 p - a ring of flight (on tentacle)
Wands
 l - a wand of lightning (8/15)
Potions
 c - 3 potions of might
 g - a potion of flight
 k - a potion of brilliance
 o - a potion of mutation
 q - a potion of invisibility {unknown}
Comestibles
 d - 3 bread rations
 i - 2 meat rations


   Skills:
 * Level 3.8 Fighting
 * Level 4.1 Long Blades
 - Level 3.0 Dodging
 + Level 4.1 Stealth
 * Level 4.2 Shields
 * Level 1.5 Invocations


You had 5 spell levels left.
You didn't know any spells.

Dungeon Overview and Level Annotations

Branches:
Dungeon (4/15)             Temple (0/1) D:4

Altars:
Makhleb


Innate Abilities, Weirdness & Mutations

You cannot wear most types of armour.
You are very stealthy in the water. (Stealth+)
You are amphibious.
You can wear up to eight rings at the same time.
You can use your tentacles to constrict eight enemies at once.
Your skin changes colour to match your surroundings (Stealth+).
Your rubbery body absorbs attacks. (AC +1, EV +1)


Message History

The phantom is heavily damaged.
The phantom blinks!
The phantom barely misses you.
You riposte.
You barely miss the phantom.
The phantom is heavily damaged.
You closely miss the phantom. Your squeeze misses the phantom.
The phantom is heavily damaged.
You block the phantom's attack.
You miss the phantom.
The phantom is heavily damaged.
You block the phantom's attack.
You hit the phantom. Your squeeze misses the phantom.
The phantom is severely damaged.
You block the phantom's attack.
Okay, then.
You hit the phantom. Your squeeze misses the phantom.
The phantom is almost destroyed.
You block the phantom's attack. The phantom hits you!
* * * LOW HITPOINT WARNING * * *
You feel better. The phantom hits you!
You die...

.............
.............
.............
.............
..§..........
#####.§§..........
##...#.............
#...##...§.........
#....#§§§..........
#...##.............
##@..#....§........
#W###............. ##.#
............. #..#
............. #.##
.............
##.####.......>.....
####.....##############
#.........# ##...## #
#.##..##..###.....## #
#.##..##..##.......## #
#.##...#..#.........###


You could see a phantom.

Vanquished Creatures
  A howler monkey (D:4)
  A hound (D:2)
  2 orc wizards (D:4)
  An orc priest (D:4)
  An iguana (D:4)
  2 worker ants (D:4)
  A hound skeleton (D:4)
  An adder (D:4)
  3 oozes
  A dart slug (D:2)
  2 leopard geckos (D:4)
  7 orcs
  5 bats (D:1)
  A giant cockroach (D:4)
  7 goblins
  4 hobgoblins
  6 jackals
  A ball python skeleton (D:4)
  4 frilled lizards
  7 kobolds
  3 rats
61 creatures vanquished.

Vanquished Creatures (others)
  An orc wizard (D:4)
1 creature vanquished.

Grand Total: 62 creatures vanquished

Notes
Turn   | Place    | Note
-------+----------+-------------------------------------------
     0 | D:1      | hilaritas the Octopode Fighter began the quest for the Orb.
     0 | D:1      | Reached XP level 1. HP: 16/16 MP: 1/1
    77 | D:1      | Reached skill level 1 in Stealth
   375 | D:1      | Reached XP level 2. HP: 21/21 MP: 2/2
   789 | D:1      | Reached XP level 3. HP: 14/26 MP: 3/3
  1472 | D:2      | Found a faded altar of an unknown god.
  1510 | D:2      | Found a burning altar of Makhleb.
  1515 | D:2      | Reached XP level 4. HP: 18/31 MP: 4/4
  1523 | D:2      | Became a worshipper of Makhleb the Destroyer
  2791 | D:4      | Reached XP level 5. HP: 36/36 MP: 5/5
  2796 | D:4      | Reached skill level 1 in Invocations
  2901 | D:4      | Found a staircase to the Ecumenical Temple.
  3153 | D:4      | Reached XP level 6. HP: 17/42 MP: 7/7
  3158 | D:4      | HP: 4/42 [orc/mace (8)]
  3167 | D:4      | Reached * piety under Makhleb
  3725 | D:4      | Noticed a phantom
  3749 | D:4      | HP: 2/43 [phantom (10)]
  3750 | D:4      | Slain by a phantom

Skill      XL: |  1  2  3  4  5  6 |
---------------+-------------------+-----
Stealth        | 1 2 3 4 |  4.1
Long Blades    | 3 4 |  4.1
Invocations    | 1 |  1.5
Shields        | 4 |  4.2
Fighting       | |  3.8
Dodging        | |  3.0

Action                   |  1- 3 |  4- 6 || total
-------------------------+-------+-------++-------
Melee: Long sword        |    56 |    93 ||   149
       Constrict         |    13 |    16 ||    29
       Tentacles         |     7 |    25 ||    32
  Use: Scroll            |     6 |     8 ||    14
       Potion            |       |     2 ||     2
 Stab: Sleeping          |     2 |    11 ||    13
  Eat: Chunk             |     2 |     7 ||     9
Armor: Skin              |     6 |     4 ||    10
Dodge: Dodged            |    19 |    27 ||    46
Block: Shield            |    22 |    27 ||    49
       Rpst.: Long sword |     7 |    11 ||    18
